 Dungeon Crawl Stone Soup version 0.28-a0-674-gdaf460b524 (webtiles) character file.

Game seed: 12805953407313691444

17 flotson the Sneak (level 2, -3/24 HPs)
             Began as a Demonspawn Delver on Oct 17, 2021.
             Slain by a river rat (4 damage)
             ... on level 6 of the Dungeon.
             The game lasted 00:03:22 (525 turns).

flotson the Sneak (Demonspawn Delver)                Turns: 525, Time: 00:03:23

Health: -3/24      AC:  3    Str: 12    XL:     2   Next: 44%
Magic:  2/2        EV: 14    Int: 11    God:
Gold:   0          SH:  0    Dex: 14    Spells: 1/1 levels left

rFire   . . .      SeeInvis .   a - +0 hand axe
rCold   . . .      Faith    .   (no shield)
rNeg    . . .      Spirit   .   b - +0 leather armour
rPois   .          Reflect  .   (no helmet)
rElec   .          Harm     .   (no cloak)
rCorr   .          Rampage  .   (no gloves)
Will    .....                   (no boots)
Stlth   ++........              (no amulet)
HPRegen 0.08/turn               (no ring)
MPRegen 0.08/turn               (no ring)

@: lethally poisoned (-3 -> -5), flying (expiring)
A: repulsion field 1
a: no special abilities


You were on level 6 of the Dungeon.
You visited 1 branch of the dungeon, and saw 2 of its levels.
You also visited: Sewer.

Inventory:

Hand Weapons
 a - a +0 hand axe (weapon)
Armour
 b - a +0 leather armour (worn)
Wands
 g - a wand of digging (3)
Scrolls
 c - a scroll of fog


   Skills:
 + Level 3.2 Fighting
 + Level 2.1 Axes
 + Level 0.8 Armour
 + Level 2.1 Dodging
 - Level 4.5 Stealth


You had one spell level left.
You didn't know any spells.
Your spell library was empty.

Dungeon Overview and Level Annotations

Branches:
Dungeon (6/15)             Temple (0/1) D:6           Sewer (visited)

Altars:


Innate Abilities, Weirdness & Mutations

You are surrounded by a mild repulsion field. (EV +2)


Message History

The adder bites you.
You are poisoned.
The adder poisons you! The frilled lizard barely misses you.
The rat splashes around in the water.
You hit the adder.
The adder is severely wounded.
You hit the rat.
You kill the rat!
You barely miss the frilled lizard. You barely miss the rat.
You closely miss the rat.
You feel sick. The adder bites you. The frilled lizard barely misses you.
The rat bites you.
* * * LOW HITPOINT WARNING * * *
The rat splashes around in the water.
The adder closely misses you.
The frilled lizard bites you but does no damage.
You are too injured to fight recklessly!
Unknown command.
You are too injured to fight recklessly!
Unknown command.
You are too injured to fight recklessly!
Unknown command.
You are too injured to fight recklessly!
You hit the adder.
You kill the adder!
You closely miss the rat. You barely miss the rat. You hit the frilled lizard.
You kill the frilled lizard!
* * * LOW HITPOINT WARNING * * *
You feel sick. The rat barely misses you. The rat bites you.
* * * LOW HITPOINT WARNING * * *
The rat splashes around in the water.
Your Axes skill increases to level 2!
Your Dodging skill increases to level 2!
You have reached level 2!
Your demonic ancestry asserts itself...
You begin to radiate repulsive energy.
You barely miss the river rat. You hit the rat. x2
You kill the rat!
You are starting to lose your buoyancy.
* * * LOW HITPOINT WARNING * * *
You feel sick. The river rat bites you.
You die...

*,,,,,,,,,,,,,,,...#
*,,,####..,....#,#.#
**,,,#............##.
**,,,,..........#...##
*,,,,,,...#...........
#,######.r............
#.#≈≈≈≈#.r#.....#..###
#.#≈r†≈#..............
**,#≈†@r÷.)..#*#.##.#.#
*,,#≈††≈#..#.# #......#
*,,#≈≈≈≈#..#.# #.######
*,,######..#.###.#** #
*,,..............#,***#
*,*###...#######.#,**,.
*,,...$..,,,,,,....**>#
***###...,,****#.#.#***
#...,,,,,,..#.#


You could see a river rat and a rat.

Vanquished Creatures
  An adder (D:6)
  3 ball pythons
  4 frilled lizards
  2 rats (D:6)
10 creatures vanquished.

Notes
Turn   | Place    | Note
-------+----------+-------------------------------------------
     0 | D:5      | flotson the Demonspawn Delver began the quest for the Orb.
     0 | D:5      | Reached XP level 1. HP: 18/18 MP: 1/1
    19 | D:5      | Noticed an orc wizard
    19 | D:5      | Noticed an orc wizard
    39 | D:6      | Noticed a centaur
    39 | D:6      | Noticed a centaur
    53 | D:6      | Found a glowing drain.
    76 | Sewer    | Entered a sewer
   462 | Sewer    | Noticed Purgy
   525 | D:6      | Gained mutation: You are surrounded by a mild repulsion
                  | field. (EV +2) [demonic ancestry]
   525 | D:6      | Reached XP level 2. HP: 3/24 MP: 2/2
   525 | D:6      | HP: 1/24 [poisoned by an adder]
   525 | D:6      | Slain by a river rat

Illustrated notes

Levels and vault maps discovered:
D:5:      layout_rooms, serial_shops, nicolae_square_shop
D:6:      layout_basic, nicolae_ru_the_path_less_chosen,
          minmay_temple_entry_proselytizer, portal_sewer_entry_c,
          minmay_manual_mares, uniq_edmund

Skill      XL: |  1 |
---------------+----+-----
Axes           | 2 |  2.1
Dodging        | 2 |  2.1
Fighting       | |  3.2
Armour         | |  0.8
Stealth        | |  4.5

Action                   || total
-------------------------++-------
Melee: Hand axe          ||    32
  Use: Scroll            ||     3
       Potion            ||     2
Armor: Leather armour    ||    14
Dodge: Dodged            ||    25

Table legend: (Time is in decaauts)
 A = Elapsed time spent in this place.
 B = Non-inter-level travel time spent in this place.
 C = Inter-level travel time spent in this place.
 D = Time resting spent in this place.
 E = Time spent auto-exploring this place.
 F = Levels seen in this place.
 G = Mean time per level.
                   A        B        C        D        E       F      G
               +--------+--------+--------+--------+--------+-----+--------+
         Total |    527 |    527 |      0 |      0 |    319 |   3 |  175.7 |
       Dungeon |     76 |     76 |      0 |      0 |     16 |   2 |   38.0 |
         Sewer |    450 |    450 |      0 |      0 |    303 |   1 |  450.0 |
               +--------+--------+--------+--------+--------+-----+--------+

Top non-repeatable levels by time:
   Sewer: 450 daAuts
     D:6: 47 daAuts
     D:5: 29 daAuts
